WCHLSIM.com - West Coast Hockey League
html PUBLIC "-//W3C//DTD XHTML 1.0 Transitional//EN" "http://www.w3.org/TR/xhtml1/DTD/xhtml1-transitional.dtd"> WCHL - Game 345 - SAN DIEGO THUNDER vs SASKATOON DUCKS

SAN DIEGO THUNDER vs SASKATOON DUCKS

Created - 2 janvier 2021 at 00:23

Goals
1 2 3 T
SAN DIEGO THUNDER 0 0 2 2
SASKATOON DUCKS 1 0 3 4
Shots
1 2 3 T
SAN DIEGO THUNDER 8 10 14 32
SASKATOON DUCKS 10 15 11 36

1st period

1. SASKATOON DUCKS , Ryan Strome 11 (Joe Thornton 3, Kailer Yamamoto 10) at 11:25 (PP)

Penalties :
Mark Borowiecki (SDG) for Holding (Minor) at 0:34, Rasmus Dahlin (SDG) for Hooking (Minor) at 2:48, Connor Murphy (SDG) for Hooking (Minor) at 11:04, Mark Borowiecki (SDG) for Tripping (Minor) at 11:35, Mark Borowiecki (SDG) for Interference (Minor) at 15:57

2nd period

No Goal

Penalties :
Rasmus Dahlin (SDG) for Holding (Minor) at 2:32, Michael Matheson (SDG) for Slashing (Minor) at 13:50

3rd period

2. SASKATOON DUCKS , Artemi Panarin 13 (Dylan Strome 10) at 0:14
3. SAN DIEGO THUNDER , Marcus Foligno 5 (Jean-Gabriel Pageau 11, Ryan Hartman 8) at 3:07
4. SASKATOON DUCKS , Artemi Panarin 14 (Samuel Girard 6, Dylan Strome 11) at 5:22 (PP)
5. SASKATOON DUCKS , Ryan Strome 12 (Kailer Yamamoto 11, Ryan McDonagh 4) at 8:30
6. SAN DIEGO THUNDER , Evander Kane 10 (Mark Scheifele 22, Charles McAvoy 8) at 15:07

Penalties :
Mark Borowiecki (SDG) for Roughing (Minor) at 3:36, Radko Gudas (SAS) for Interference (Minor) at 6:09, Mark Borowiecki (SDG) for Holding (Minor) at 16:44

Goalie Stats

Connor Hellebuyck (SDG), 32 saves from 36 shots - (0,889), L, 15-5-1, 60:00 minutes
Jordan Binnington (SAS), 30 saves from 32 shots - (0,938), W, 10-4-1, 60:00 minutes

Players Stats for SAN DIEGO THUNDER

Player Name              G  A  P  +/- PIM S  H  SB GA TA FO     MP     PP MP  PK MP  
------------------------------------------------------------------------------------
Charles McAvoy           0  1  1   0  0   2  1  4  0  0  0/0    26:42   1:13   8:49 
Connor Murphy            0  0  0   0  2   0  1  0  0  0  0/0    25:15   1:13  10:31 
David Perron             0  0  0   0  0   4  4  0  0  0  1/3    17:37   1:13   0:00 
Drake Batherson          0  0  0   0  0   0  0  0  0  0  6/9     8:25   0:00   6:52 
Evander Kane             1  0  1   1  0   3  2  0  0  0  0/0    15:19   0:46   0:00 
Ilya Mikheyev            0  0  0   1  0   0  0  0  0  0  0/3    15:19   0:46   0:00 
Jean-Gabriel Pageau      0  1  1  -1  0   5  0  1  0  0  16/28  18:39   0:00   9:08 
Justin Holl              0  0  0   0  0   0  0  0  0  0  0/0    19:41   0:00   8:18 
Logan Couture            0  0  0   0  0   5  0  1  0  0  9/21   17:10   0:46   0:00 
Marcus Foligno           1  0  1  -1  0   2  0  1  0  0  0/3    17:56   0:00   6:52 
Mark Borowiecki          0  0  0   0  10  0  3  1  0  0  0/0    17:27   0:00   3:01 
Mark Scheifele           0  1  1   1  0   4  0  0  0  0  7/17   15:46   1:13   0:00 
Michael Matheson         0  0  0   0  2   1  0  0  0  0  0/0    14:43   0:46   0:00 
Michael Pezzetta         0  0  0   0  0   0  0  0  0  0  0/0     0:00   0:00   0:00 
Nikita Kucherov          0  0  0   0  0   5  1  0  0  0  0/0    17:37   1:13   0:00 
Rasmus Dahlin            0  0  0   0  4   1  4  0  0  0  0/0    16:03   0:46   1:21 
Robert Fabbri            0  0  0   0  0   0  0  0  0  0  0/1     1:33   0:00   0:00 
Ryan Hartman             0  1  1  -1  0   0  0  1  0  0  0/0    18:39   0:00   9:08 

Players Stats for SASKATOON DUCKS

Player Name              G  A  P  +/- PIM S  H  SB GA TA FO     MP     PP MP  PK MP  
------------------------------------------------------------------------------------
Alex Goligoski           0  0  0   2  0   0  1  1  0  0  0/0    24:27   8:15   0:39 
Andrej Sekera            0  0  0   0  0   0  0  2  0  0  0/0    13:35   0:00   0:47 
Anthony Duclair          0  0  0   0  0   3  1  0  0  0  0/0    13:43   0:00   0:55 
Artemi Panarin           2  0  2   0  0   12 0  0  0  0  2/4    22:55   8:15   0:00 
Blake Comeau             0  0  0   0  0   0  1  0  0  0  0/0     2:13   0:00   0:44 
Dylan Strome             0  2  2   0  0   1  1  0  0  0  15/28  23:44   8:15   1:15 
Jakub Vrana              0  0  0   0  0   0  0  0  0  0  1/3    14:09   0:00   0:00 
Joe Thornton             0  1  1   0  0   1  0  0  0  0  7/15    8:50   7:45   0:00 
Kailer Yamamoto          0  2  2   0  0   5  1  0  0  0  1/3    21:54   7:45   0:00 
Radko Gudas              0  0  0   0  2   0  1  3  0  0  0/0    12:47   0:00   0:00 
Ryan McDonagh            0  1  1   2  0   0  0  0  0  0  0/0    24:24   7:45   1:06 
Ryan Strome              2  0  2   0  0   6  1  0  0  0  9/17   21:54   7:45   0:00 
Samuel Girard            0  1  1  -2  0   1  0  2  0  0  0/0    21:10   7:45   0:00 
Scott Conway             0  0  0   0  0   0  0  0  0  0  0/0     0:00   0:00   0:00 
Tyler Bozak              0  0  0   0  0   3  1  0  0  0  9/12   13:32   0:00   0:44 
Warren Foegele           0  0  0   0  0   0  0  0  0  0  1/2    13:08   0:00   0:20 
William Nylander         0  0  0   0  0   4  1  0  0  0  1/1    22:29   8:15   0:00 
Zdeno Chara              0  0  0  -2  0   0  0  2  0  0  0/0    23:06   8:15   1:26 

3 Stars

1 - Ryan Strome (SAS)
2 - Artemi Panarin (SAS)
3 - Kailer Yamamoto (SAS)

Power Play

SAN DIEGO THUNDER - 0 on 1 Attempt(s) - 0,00%
SASKATOON DUCKS - 2 on 9 Attempt(s) - 22,22%

Penalty Kill

SAN DIEGO THUNDER - 7 on 9 Attempt(s) - 77,78% - Score 0 goal in Penalty Kill
SASKATOON DUCKS - 1 on 1 Attempt(s) - 100,00% - Score 0 goal in Penalty Kill

Team Stat

SAN DIEGO THUNDER - Hits : 16 - Faceoff Wins : 39 - Blocked Shots : 9 - Penalty Minutes : 18
SASKATOON DUCKS - Hits : 9 - Faceoff Wins : 46 - Blocked Shots : 10 - Penalty Minutes : 2

Official

Referees : Justin Kea and Troy Paterson
Linesman : Jake Davis and Tony Sericolo

Game Notes

No Game Note

Finance

Level 1 -- Attendance: 6362 (96,39%) -- Ticket Income 763 440 $
Level 2 -- Attendance: 5600 (100,00%) -- Ticket Income 420 000 $
Level 3 -- Attendance: 2200 (100,00%) -- Ticket Income 121 000 $
Level 4 -- Attendance: 4600 (100,00%) -- Ticket Income 174 800 $
Luxury Box -- Attendance: 1000 (100,00%) -- Ticket Income 240 000 $
Total Attendance: 19762 (98,81%)
Total Ticket Income: 1 719 240 $
Other Income: 601 734 $
Total Income: 2 320 974 $

SAN DIEGO THUNDER

5 vs 5 Forward 
   Center                   Left Wing                Right Wing               Time % Phy DF OF 
 1 Logan Couture            David Perron             Nikita Kucherov          36     0   2  3  
 2 Mark Scheifele           Evander Kane             Ilya Mikheyev            32     0   2  3  
 3 Jean-Gabriel Pageau      Marcus Foligno           Ryan Hartman             24     0   2  3  
 4 Robert Fabbri            Marcus Foligno           Drake Batherson          8      0   3  2  

5 vs 5 Defense 
   Defense                  Defense                                           Time % Phy DF OF 
 1 Charles McAvoy           Mark Borowiecki                                   36     0   2  3  
 2 Justin Holl              Connor Murphy                                     31     0   2  3  
 3 Rasmus Dahlin            Michael Matheson                                  18     0   3  2  
 4 Connor Murphy            Charles McAvoy                                    15     1   2  2  

PowerPlay Forward 
   Center                   Left Wing                Right Wing               Time % Phy DF OF 
 1 Mark Scheifele           David Perron             Nikita Kucherov          55     0   1  4  
 2 Logan Couture            Evander Kane             Ilya Mikheyev            45     0   1  4  

PowerPlay Defense
   Defense                  Defense                                           Time % Phy DF OF 
 1 Charles McAvoy           Connor Murphy                                     55     0   2  3  
 2 Rasmus Dahlin            Michael Matheson                                  45     0   2  3  

Penalty Kill 4 Players Forward 
   Center                   Wing                     Time % Phy DF OF 
 1 Jean-Gabriel Pageau      Ryan Hartman             55     0   4  1  
 2 Drake Batherson          Marcus Foligno           45     0   4  1  

Penalty Kill 4 Players Defense
   Defense                  Defense                  Time % Phy DF OF 
 1 Charles McAvoy           Connor Murphy            55     1   3  1  
 2 Justin Holl              Mark Borowiecki          45     1   3  1  

Penalty Kill - 3 Players Forward 
   Forward                                           Time % Phy DF OF 
 1 Ryan Hartman                                      55     0   4  1  
 2 Jean-Gabriel Pageau                               45     0   4  1  

Penalty Kill - 3 Players Defense
   Defense                  Defense                  Time % Phy DF OF 
 1 Charles McAvoy           Connor Murphy            55     0   4  1  
 2 Justin Holl              Mark Borowiecki          45     0   4  1  

4 vs 4 Forward 
   Center                   Wing                     Time % Phy DF OF 
 1 Mark Scheifele           Nikita Kucherov          55     0   2  3  
 2 Logan Couture            David Perron             45     0   2  3  

4 vs 4 Defense
   Defense                  Defense                  Time % Phy DF OF 
 1 Charles McAvoy           Connor Murphy            55     1   2  2  
 2 Rasmus Dahlin            Mark Borowiecki          45     1   2  2  

Last Minutes Offensive
   Center                   Left Wing                Right Wing               Defense                  Defense                  
   Mark Scheifele           David Perron             Nikita Kucherov          Charles McAvoy           Rasmus Dahlin            

Last Minutes Defensive
   Center                   Left Wing                Right Wing               Defense                  Defense                  
   Mark Scheifele           David Perron             Nikita Kucherov          Charles McAvoy           Connor Murphy            

Goaltenders
Starting : Connor Hellebuyck        
Backup : Laurent Brossoit         

Extra Forwards
Normal : Mark Scheifele, Nikita Kucherov, Logan Couture - PP : Mark Scheifele, Marcus Foligno - PK : Ryan Hartman
Extra Defensemen
Normal : Connor Murphy, Charles McAvoy, Rasmus Dahlin - PP : Charles McAvoy - PK : Connor Murphy, Charles McAvoy
Penalty Shots
Nikita Kucherov, Mark Scheifele, David Perron, Evander Kane, Ilya Mikheyev
Custom OT Lines Forwards
Nikita Kucherov, Mark Scheifele, David Perron, Evander Kane, Ilya Mikheyev, Jean-Gabriel Pageau, Robert Fabbri, Ryan Hartman, Drake Batherson, Marcus Foligno
Custom OT Lines Defensemen
Charles McAvoy, Connor Murphy, Rasmus Dahlin, Mark Borowiecki, Justin Holl

Scratches
None

SASKATOON DUCKS

5 vs 5 Forward 
   Center                   Left Wing                Right Wing               Time % Phy DF OF 
 1 Ryan Strome              Kailer Yamamoto          Jakub Vrana              34     0   4  1  
 2 Dylan Strome             Artemi Panarin           William Nylander         32     0   4  1  
 3 Tyler Bozak              Anthony Duclair          Warren Foegele           26     0   4  1  
 4 Joe Thornton             Artemi Panarin           Blake Comeau             8      0   4  1  

5 vs 5 Defense 
   Defense                  Defense                                           Time % Phy DF OF 
 1 Alex Goligoski           Ryan McDonagh                                     42     0   4  1  
 2 Zdeno Chara              Samuel Girard                                     35     0   5  0  
 3 Radko Gudas              Andrej Sekera                                     23     0   5  0  
 4 Zdeno Chara              Ryan McDonagh                                     0      1   2  2  

PowerPlay Forward 
   Center                   Left Wing                Right Wing               Time % Phy DF OF 
 1 Joe Thornton             Kailer Yamamoto          Ryan Strome              50     0   3  2  
 2 Dylan Strome             Artemi Panarin           William Nylander         50     0   2  3  

PowerPlay Defense
   Defense                  Defense                                           Time % Phy DF OF 
 1 Zdeno Chara              Alex Goligoski                                    50     0   2  3  
 2 Samuel Girard            Ryan McDonagh                                     50     0   3  2  

Penalty Kill 4 Players Forward 
   Center                   Wing                     Time % Phy DF OF 
 1 Dylan Strome             Anthony Duclair          55     0   5  0  
 2 Tyler Bozak              Blake Comeau             45     0   5  0  

Penalty Kill 4 Players Defense
   Defense                  Defense                  Time % Phy DF OF 
 1 Zdeno Chara              Radko Gudas              55     0   5  0  
 2 Andrej Sekera            Alex Goligoski           45     0   5  0  

Penalty Kill - 3 Players Forward 
   Forward                                           Time % Phy DF OF 
 1 Dylan Strome                                      55     0   5  0  
 2 Tyler Bozak                                       45     0   5  0  

Penalty Kill - 3 Players Defense
   Defense                  Defense                  Time % Phy DF OF 
 1 Zdeno Chara              Radko Gudas              55     0   5  0  
 2 Andrej Sekera            Samuel Girard            45     0   5  0  

4 vs 4 Forward 
   Center                   Wing                     Time % Phy DF OF 
 1 Dylan Strome             Artemi Panarin           55     1   2  2  
 2 Ryan Strome              William Nylander         45     1   2  2  

4 vs 4 Defense
   Defense                  Defense                  Time % Phy DF OF 
 1 Alex Goligoski           Ryan McDonagh            55     1   2  2  
 2 Zdeno Chara              Samuel Girard            45     1   2  2  

Last Minutes Offensive
   Center                   Left Wing                Right Wing               Defense                  Defense                  
   Ryan Strome              Artemi Panarin           William Nylander         Ryan McDonagh            Alex Goligoski           

Last Minutes Defensive
   Center                   Left Wing                Right Wing               Defense                  Defense                  
   Ryan Strome              Artemi Panarin           Kailer Yamamoto          Zdeno Chara              Ryan McDonagh            

Goaltenders
Starting : Jordan Binnington        
Backup : Ryan Miller              

Extra Forwards
Normal : Ryan Strome, Artemi Panarin, William Nylander - PP : Jakub Vrana, William Nylander - PK : Warren Foegele
Extra Defensemen
Normal : Alex Goligoski, Ryan McDonagh, Samuel Girard - PP : Zdeno Chara - PK : Andrej Sekera, Ryan McDonagh
Penalty Shots
Artemi Panarin, William Nylander, Ryan Strome, Kailer Yamamoto, Dylan Strome
Custom OT Lines Forwards
Ryan Strome, Artemi Panarin, Kailer Yamamoto, William Nylander, Jakub Vrana, Dylan Strome, Joe Thornton, Anthony Duclair, Warren Foegele, Tyler Bozak
Custom OT Lines Defensemen
Alex Goligoski, Ryan McDonagh, Samuel Girard, Radko Gudas, Zdeno Chara

Scratches
Sidney Crosby (Left Leg Injury)

% Time on Ice - SAN DIEGO THUNDER

Lines # - Real PCT - Wanted PCT - Time Play
Normal Forward
1 - 39% - 36% - 16:24
2 - 35% - 32% - 14:33
3 - 23% - 24% - 9:31
4 - 4% - 8% - 1:33
Normal Defense
1 - 35% - 36% - 14:31
2 - 27% - 31% - 11:23
3 - 33% - 18% - 13:58
4 - 5% - 15% - 2:09
PP Forward
1 - 61% - 55% - 1:13
2 - 39% - 45% - 0:46
PP Defense
1 - 61% - 55% - 1:13
2 - 39% - 45% - 0:46
PK Forward
1 - 57% - 55% - 9:08
2 - 43% - 45% - 6:52
PK Defense
1 - 47% - 55% - 7:32
2 - 53% - 45% - 8:28
PK3 Forward
1 - 0% - 55%
2 - 0% - 45%
PK3 Defense
1 - 0% - 55%
2 - 0% - 45%
44 Forward
1 - 0% - 55%
2 - 0% - 45%
44 Defense
1 - 0% - 55%
2 - 0% - 45%
Last Minute Offensive  - 0:00
Last Minute Defensive  - 0:00
Total
Forward - 60:00
Defense - 60:00

% Time on Ice - SASKATOON DUCKS

Lines # - Real PCT - Wanted PCT - Time Play
Normal Forward
1 - 34% - 34% - 14:09
2 - 34% - 32% - 14:14
3 - 30% - 26% - 12:48
4 - 2% - 8% - 0:50
Normal Defense
1 - 37% - 42% - 15:33
2 - 33% - 35% - 13:40
3 - 30% - 23% - 12:48
4 - 0% - 0% - 0:00
PP Forward
1 - 48% - 50% - 7:45
2 - 52% - 50% - 8:15
PP Defense
1 - 52% - 50% - 8:15
2 - 48% - 50% - 7:45
PK Forward
1 - 63% - 55% - 1:15
2 - 37% - 45% - 0:44
PK Defense
1 - 86% - 55% - 1:42
2 - 14% - 45% - 0:17
PK3 Forward
1 - 0% - 55%
2 - 0% - 45%
PK3 Defense
1 - 0% - 55%
2 - 0% - 45%
44 Forward
1 - 0% - 55%
2 - 0% - 45%
44 Defense
1 - 0% - 55%
2 - 0% - 45%
Last Minute Offensive  - 0:00
Last Minute Defensive  - 0:00
Total
Forward - 60:00
Defense - 60:00

Play-by-Play

1st period


0:01 of 1st period - Ryan Strome wins face-off versus Logan Couture in neutral zone.
0:34 of 1st period - Minor Penalty to Mark Borowiecki for Holding.
0:35 of 1st period - Jean-Gabriel Pageau wins face-off versus Dylan Strome in SAN DIEGO THUNDER zone.
1:13 of 1st period - Shot by Artemi Panarin.
1:13 of 1st period - Stopped by Connor Hellebuyck without a rebound.
1:14 of 1st period - Jean-Gabriel Pageau wins face-off versus Joe Thornton in SAN DIEGO THUNDER zone.
1:29 of 1st period - Shot by Ryan Strome.
1:29 of 1st period - Shot Blocked by Charles McAvoy.
1:31 of 1st period - Shot by Joe Thornton.
1:31 of 1st period - Shot Blocked by Charles McAvoy.
1:33 of 1st period - Shot by Ryan McDonagh.
1:33 of 1st period - Shot Blocked by Charles McAvoy.
2:12 of 1st period - Icing by Ryan Strome.
2:13 of 1st period - Jean-Gabriel Pageau wins face-off versus Kailer Yamamoto in SASKATOON DUCKS zone.
2:25 of 1st period - Icing by Ryan McDonagh.
2:26 of 1st period - Joe Thornton wins face-off versus Drake Batherson in SASKATOON DUCKS zone.
2:38 of 1st period - Shot by Mark Scheifele.
2:38 of 1st period - Shot Misses the Net.
2:40 of 1st period - Shot by Michael Matheson.
2:40 of 1st period - Stopped by Jordan Binnington without a rebound.
2:41 of 1st period - Mark Scheifele wins face-off versus Dylan Strome in SASKATOON DUCKS zone.
2:42 of 1st period - Shot by Evander Kane.
2:42 of 1st period - Shot Blocked by Radko Gudas.
2:48 of 1st period - Minor Penalty to Rasmus Dahlin for Hooking.
2:49 of 1st period - Jean-Gabriel Pageau wins face-off versus Dylan Strome in SAN DIEGO THUNDER zone.
2:49 of 1st period - Jean-Gabriel Pageau is hit by William Nylander.
3:25 of 1st period - Off-side.
3:26 of 1st period - Drake Batherson wins face-off versus Joe Thornton in neutral zone.
3:34 of 1st period - Icing by Samuel Girard.
3:35 of 1st period - Drake Batherson wins face-off versus Joe Thornton in SASKATOON DUCKS zone.
4:41 of 1st period - Shot by Artemi Panarin.
4:41 of 1st period - Stopped by Connor Hellebuyck without a rebound.
4:42 of 1st period - Artemi Panarin wins face-off versus Marcus Foligno in SAN DIEGO THUNDER zone.
5:03 of 1st period - Shot by Anthony Duclair.
5:03 of 1st period - Stopped by Connor Hellebuyck with a rebound.
5:05 of 1st period - Shot by Tyler Bozak.
5:05 of 1st period - Shot Misses the Net.
5:10 of 1st period - Anthony Duclair is hit by Rasmus Dahlin and loses puck.
5:56 of 1st period - Shot by Mark Scheifele.
5:56 of 1st period - Stopped by Jordan Binnington with a rebound.
6:21 of 1st period - Shot by Evander Kane.
6:21 of 1st period - Shot Misses the Net.
7:05 of 1st period - Shot by Ryan Hartman.
7:05 of 1st period - Shot Blocked by Radko Gudas.
7:07 of 1st period - Shot by Jean-Gabriel Pageau.
7:07 of 1st period - Stopped by Jordan Binnington with a rebound.
7:09 of 1st period - Shot by Jean-Gabriel Pageau.
7:09 of 1st period - Shot Misses the Net.
7:11 of 1st period - Shot by Jean-Gabriel Pageau.
7:11 of 1st period - Shot Misses the Net.
7:31 of 1st period - Shot by David Perron.
7:31 of 1st period - Shot Blocked by Radko Gudas.
7:56 of 1st period - Shot by William Nylander.
7:56 of 1st period - Stopped by Connor Hellebuyck with a rebound.
8:04 of 1st period - Shot by Nikita Kucherov.
8:04 of 1st period - Stopped by Jordan Binnington with a rebound.
9:07 of 1st period - Ryan Strome is hit by Mark Borowiecki and loses puck.
10:36 of 1st period - Justin Holl is hit by Blake Comeau and loses puck.
11:04 of 1st period - Minor Penalty to Connor Murphy for Hooking.
11:05 of 1st period - Jean-Gabriel Pageau wins face-off versus Joe Thornton in SAN DIEGO THUNDER zone.
11:21 of 1st period - Shot by Kailer Yamamoto.
11:21 of 1st period - Shot Blocked by Jean-Gabriel Pageau.
11:23 of 1st period - Shot by Joe Thornton.
11:23 of 1st period - Deflect By Ryan Strome.
11:23 of 1st period - Stopped by Connor Hellebuyck with a rebound.
11:25 of 1st period - Shot by Ryan Strome.
11:25 of 1st period - Goal by Ryan Strome - SAN DIEGO THUNDER : 0 - SASKATOON DUCKS : 1.
11:26 of 1st period - Ryan Strome wins face-off versus Logan Couture in neutral zone.
11:35 of 1st period - Minor Penalty to Mark Borowiecki for Tripping.
11:36 of 1st period - Dylan Strome wins face-off versus Jean-Gabriel Pageau in SAN DIEGO THUNDER zone.
12:03 of 1st period - Off-side.
12:04 of 1st period - Joe Thornton wins face-off versus Jean-Gabriel Pageau in neutral zone.
13:12 of 1st period - Off-side.
13:13 of 1st period - Dylan Strome wins face-off versus Drake Batherson in neutral zone.
14:40 of 1st period - Shot by Logan Couture.
14:40 of 1st period - Shot Misses the Net.
14:50 of 1st period - Shot by Logan Couture.
14:50 of 1st period - Shot Misses the Net.
14:52 of 1st period - Shot by Nikita Kucherov.
14:52 of 1st period - Shot Misses the Net.
14:54 of 1st period - Shot by Logan Couture.
14:54 of 1st period - Deflect By Nikita Kucherov.
14:54 of 1st period - Shot Blocked by Andrej Sekera.
15:06 of 1st period - Shot by Logan Couture.
15:06 of 1st period - Stopped by Jordan Binnington without a rebound.
15:07 of 1st period - Jean-Gabriel Pageau wins face-off versus Ryan Strome in SASKATOON DUCKS zone.
15:24 of 1st period - Shot by Marcus Foligno.
15:24 of 1st period - Stopped by Jordan Binnington without a rebound.
15:25 of 1st period - Dylan Strome wins face-off versus Mark Scheifele in SASKATOON DUCKS zone.
15:50 of 1st period - Shot by Artemi Panarin.
15:50 of 1st period - Stopped by Connor Hellebuyck without a rebound.
15:51 of 1st period - Jakub Vrana wins face-off versus Jean-Gabriel Pageau in SAN DIEGO THUNDER zone.
15:57 of 1st period - Minor Penalty to Mark Borowiecki for Interference.
15:58 of 1st period - Jean-Gabriel Pageau wins face-off versus Joe Thornton in SAN DIEGO THUNDER zone.
16:03 of 1st period - Shot by Charles McAvoy.
16:03 of 1st period - Deflect By Jean-Gabriel Pageau.
16:03 of 1st period - Stopped by Jordan Binnington without a rebound.
16:04 of 1st period - Jean-Gabriel Pageau wins face-off versus Artemi Panarin in SASKATOON DUCKS zone.
16:25 of 1st period - Shot by William Nylander.
16:25 of 1st period - Stopped by Connor Hellebuyck without a rebound.
16:26 of 1st period - Joe Thornton wins face-off versus Drake Batherson in SAN DIEGO THUNDER zone.
16:37 of 1st period - Shot by Ryan Strome.
16:37 of 1st period - Stopped by Connor Hellebuyck without a rebound.
16:38 of 1st period - Drake Batherson wins face-off versus Artemi Panarin in SAN DIEGO THUNDER zone.
17:05 of 1st period - Icing by Alex Goligoski.
17:06 of 1st period - Jean-Gabriel Pageau wins face-off versus Dylan Strome in SASKATOON DUCKS zone.
17:13 of 1st period - Jean-Gabriel Pageau is hit by Dylan Strome and loses puck.
18:12 of 1st period - Shot by David Perron.
18:12 of 1st period - Stopped by Jordan Binnington without a rebound.
18:13 of 1st period - Ryan Strome wins face-off versus Mark Scheifele in SASKATOON DUCKS zone.
18:15 of 1st period - Icing by Kailer Yamamoto.
18:16 of 1st period - Kailer Yamamoto wins face-off versus Logan Couture in SASKATOON DUCKS zone.
18:40 of 1st period - Shot by Kailer Yamamoto.
18:40 of 1st period - Stopped by Connor Hellebuyck without a rebound.
18:41 of 1st period - Dylan Strome wins face-off versus Ilya Mikheyev in SAN DIEGO THUNDER zone.
19:15 of 1st period - Shot by William Nylander.
19:15 of 1st period - Shot Misses the Net.
Goals for this period are 0 for SAN DIEGO THUNDER vs 1 for SASKATOON DUCKS.
Shots for this period are 8 for SAN DIEGO THUNDER vs 10 for SASKATOON DUCKS.

2nd period


0:01 of 2nd period - Jean-Gabriel Pageau wins face-off versus Ryan Strome in neutral zone.
0:18 of 2nd period - Shot by Kailer Yamamoto.
0:18 of 2nd period - Shot Misses the Net.
1:19 of 2nd period - William Nylander is hit by David Perron.
1:36 of 2nd period - Shot by Logan Couture.
1:36 of 2nd period - Stopped by Jordan Binnington with a rebound.
2:10 of 2nd period - Shot by Tyler Bozak.
2:10 of 2nd period - Stopped by Connor Hellebuyck without a rebound.
2:11 of 2nd period - Mark Scheifele wins face-off versus Ryan Strome in SAN DIEGO THUNDER zone.
2:30 of 2nd period - Ryan Strome is hit by Rasmus Dahlin and loses puck.
2:32 of 2nd period - Minor Penalty to Rasmus Dahlin for Holding.
2:33 of 2nd period - Joe Thornton wins face-off versus Marcus Foligno in SAN DIEGO THUNDER zone.
2:38 of 2nd period - Shot by Kailer Yamamoto.
2:38 of 2nd period - Shot Hit the Post.
2:40 of 2nd period - Shot by Kailer Yamamoto.
2:40 of 2nd period - Shot Misses the Net.
2:45 of 2nd period - Kailer Yamamoto is hit by Charles McAvoy and loses puck.
2:48 of 2nd period - Shot by Zdeno Chara.
2:48 of 2nd period - Shot Blocked by Charles McAvoy.
2:50 of 2nd period - Shot by Kailer Yamamoto.
2:50 of 2nd period - Shot Misses the Net.
2:55 of 2nd period - Kailer Yamamoto is hit by Connor Murphy and loses puck.
3:02 of 2nd period - Shot by Ryan Strome.
3:02 of 2nd period - Stopped by Connor Hellebuyck without a rebound.
3:03 of 2nd period - Jean-Gabriel Pageau wins face-off versus Dylan Strome in SAN DIEGO THUNDER zone.
3:14 of 2nd period - Shot by Artemi Panarin.
3:14 of 2nd period - Shot Misses the Net.
3:28 of 2nd period - Shot by Artemi Panarin.
3:28 of 2nd period - Stopped by Connor Hellebuyck without a rebound.
3:29 of 2nd period - Drake Batherson wins face-off versus Joe Thornton in SAN DIEGO THUNDER zone.
3:37 of 2nd period - Off-side.
3:38 of 2nd period - Jean-Gabriel Pageau wins face-off versus Dylan Strome in neutral zone.
4:38 of 2nd period - Off-side.
4:39 of 2nd period - Logan Couture wins face-off versus Ryan Strome in neutral zone.
4:52 of 2nd period - Shot by Logan Couture.
4:52 of 2nd period - Stopped by Jordan Binnington without a rebound.
4:53 of 2nd period - Mark Scheifele wins face-off versus Tyler Bozak in SASKATOON DUCKS zone.
5:10 of 2nd period - Shot by Evander Kane.
5:10 of 2nd period - Shot Blocked by Zdeno Chara.
5:15 of 2nd period - Icing by Zdeno Chara.
5:16 of 2nd period - Logan Couture wins face-off versus Tyler Bozak in SASKATOON DUCKS zone.
5:17 of 2nd period - Shot by Nikita Kucherov.
5:17 of 2nd period - Deflect By Logan Couture.
5:17 of 2nd period - Shot Misses the Net.
5:19 of 2nd period - Shot by Logan Couture.
5:19 of 2nd period - Shot Blocked by Samuel Girard.
5:21 of 2nd period - Shot by Nikita Kucherov.
5:21 of 2nd period - Shot Blocked by Samuel Girard.
5:31 of 2nd period - Icing by Rasmus Dahlin.
5:32 of 2nd period - Dylan Strome wins face-off versus Logan Couture in SAN DIEGO THUNDER zone.
5:32 of 2nd period - Dylan Strome is hit by Rasmus Dahlin.
5:39 of 2nd period - Shot by Artemi Panarin.
5:39 of 2nd period - Shot Blocked by Logan Couture.
5:41 of 2nd period - Shot by Dylan Strome.
5:41 of 2nd period - Deflect By William Nylander.
5:41 of 2nd period - Stopped by Connor Hellebuyck without a rebound.
5:42 of 2nd period - Ryan Strome wins face-off versus Jean-Gabriel Pageau in SAN DIEGO THUNDER zone.
6:26 of 2nd period - Shot by Ryan Strome.
6:26 of 2nd period - Shot Misses the Net.
6:38 of 2nd period - Shot by Artemi Panarin.
6:38 of 2nd period - Deflect By William Nylander.
6:38 of 2nd period - Shot Blocked by Mark Borowiecki.
7:20 of 2nd period - Shot by Artemi Panarin.
7:20 of 2nd period - Stopped by Connor Hellebuyck without a rebound.
7:21 of 2nd period - Tyler Bozak wins face-off versus Logan Couture in SAN DIEGO THUNDER zone.
7:44 of 2nd period - Shot by Logan Couture.
7:44 of 2nd period - Deflect By Nikita Kucherov.
7:44 of 2nd period - Stopped by Jordan Binnington without a rebound.
7:45 of 2nd period - Ryan Strome wins face-off versus Mark Scheifele in SASKATOON DUCKS zone.
7:45 of 2nd period - Ryan Strome is hit by Evander Kane.
8:25 of 2nd period - Icing by Alex Goligoski.
8:26 of 2nd period - Ryan Strome wins face-off versus Logan Couture in SASKATOON DUCKS zone.
8:26 of 2nd period - Ryan Strome is hit by David Perron.
9:19 of 2nd period - Shot by Artemi Panarin.
9:19 of 2nd period - Stopped by Connor Hellebuyck without a rebound.
9:20 of 2nd period - Tyler Bozak wins face-off versus Mark Scheifele in SAN DIEGO THUNDER zone.
9:46 of 2nd period - Shot by Anthony Duclair.
9:46 of 2nd period - Stopped by Connor Hellebuyck with a rebound.
9:58 of 2nd period - Shot by Mark Scheifele.
9:58 of 2nd period - Shot Hit the Post.
10:26 of 2nd period - Dylan Strome is hit by Rasmus Dahlin and loses puck.
10:33 of 2nd period - Shot by William Nylander.
10:33 of 2nd period - Shot Misses the Net.
10:39 of 2nd period - Shot by Artemi Panarin.
10:39 of 2nd period - Shot Misses the Net.
10:53 of 2nd period - Shot by William Nylander.
10:53 of 2nd period - Shot Misses the Net.
10:55 of 2nd period - Shot by Artemi Panarin.
10:55 of 2nd period - Shot Misses the Net.
11:27 of 2nd period - Shot by Ryan Strome.
11:27 of 2nd period - Stopped by Connor Hellebuyck without a rebound.
11:28 of 2nd period - Tyler Bozak wins face-off versus Logan Couture in SAN DIEGO THUNDER zone.
11:54 of 2nd period - Connor Murphy is hit by Tyler Bozak and loses puck.
13:19 of 2nd period - Shot by Evander Kane.
13:19 of 2nd period - Shot Misses the Net.
13:43 of 2nd period - Icing by Mark Borowiecki.
13:44 of 2nd period - Tyler Bozak wins face-off versus Mark Scheifele in SAN DIEGO THUNDER zone.
13:47 of 2nd period - Shot by Tyler Bozak.
13:47 of 2nd period - Stopped by Connor Hellebuyck without a rebound.
13:48 of 2nd period - Warren Foegele wins face-off versus Jean-Gabriel Pageau in SAN DIEGO THUNDER zone.
13:50 of 2nd period - Minor Penalty to Michael Matheson for Slashing.
13:51 of 2nd period - Jean-Gabriel Pageau wins face-off versus Dylan Strome in SAN DIEGO THUNDER zone.
14:14 of 2nd period - Shot by William Nylander.
14:14 of 2nd period - Stopped by Connor Hellebuyck without a rebound.
14:15 of 2nd period - Drake Batherson wins face-off versus Joe Thornton in SAN DIEGO THUNDER zone.
14:34 of 2nd period - Shot by Ryan Strome.
14:34 of 2nd period - Shot Misses the Net.
14:36 of 2nd period - Shot by Samuel Girard.
14:36 of 2nd period - Stopped by Connor Hellebuyck with a rebound.
14:38 of 2nd period - Shot by Kailer Yamamoto.
14:38 of 2nd period - Stopped by Connor Hellebuyck without a rebound.
14:39 of 2nd period - Drake Batherson wins face-off versus Dylan Strome in SAN DIEGO THUNDER zone.
15:16 of 2nd period - Shot by Artemi Panarin.
15:16 of 2nd period - Stopped by Connor Hellebuyck without a rebound.
15:17 of 2nd period - Joe Thornton wins face-off versus Jean-Gabriel Pageau in SAN DIEGO THUNDER zone.
15:52 of 2nd period - Shot by Warren Foegele.
15:52 of 2nd period - Shot Misses the Net.
16:02 of 2nd period - Rasmus Dahlin is hit by Anthony Duclair and loses puck.
16:17 of 2nd period - Shot by Tyler Bozak.
16:17 of 2nd period - Stopped by Connor Hellebuyck without a rebound.
16:18 of 2nd period - Dylan Strome wins face-off versus Mark Scheifele in SAN DIEGO THUNDER zone.
16:33 of 2nd period - Mark Scheifele is hit by Alex Goligoski and loses puck.
16:44 of 2nd period - Shot by Evander Kane.
16:44 of 2nd period - Shot Misses the Net.
16:46 of 2nd period - Shot by Evander Kane.
16:46 of 2nd period - Shot Misses the Net.
16:48 of 2nd period - Shot by Charles McAvoy.
16:48 of 2nd period - Stopped by Jordan Binnington without a rebound.
16:49 of 2nd period - David Perron wins face-off versus Ryan Strome in SASKATOON DUCKS zone.
16:50 of 2nd period - Shot by Nikita Kucherov.
16:50 of 2nd period - Stopped by Jordan Binnington with a rebound.
16:52 of 2nd period - Shot by Nikita Kucherov.
16:52 of 2nd period - Shot Blocked by Zdeno Chara.
16:54 of 2nd period - Shot by David Perron.
16:54 of 2nd period - Shot Misses the Net.
17:06 of 2nd period - Shot by Nikita Kucherov.
17:06 of 2nd period - Shot Misses the Net.
17:08 of 2nd period - Shot by Logan Couture.
17:08 of 2nd period - Deflect By Nikita Kucherov.
17:08 of 2nd period - Shot Misses the Net.
17:22 of 2nd period - Shot by Nikita Kucherov.
17:22 of 2nd period - Shot Misses the Net.
17:50 of 2nd period - Shot by Jean-Gabriel Pageau.
17:50 of 2nd period - Shot Misses the Net.
17:52 of 2nd period - Shot by Jean-Gabriel Pageau.
17:52 of 2nd period - Shot Misses the Net.
17:54 of 2nd period - Shot by Charles McAvoy.
17:54 of 2nd period - Stopped by Jordan Binnington without a rebound.
17:55 of 2nd period - Dylan Strome wins face-off versus Mark Scheifele in SASKATOON DUCKS zone.
18:30 of 2nd period - Shot by Dylan Strome.
18:30 of 2nd period - Stopped by Connor Hellebuyck without a rebound.
18:31 of 2nd period - Tyler Bozak wins face-off versus Jean-Gabriel Pageau in SAN DIEGO THUNDER zone.
19:06 of 2nd period - Shot by Jean-Gabriel Pageau.
19:06 of 2nd period - Stopped by Jordan Binnington without a rebound.
19:07 of 2nd period - Dylan Strome wins face-off versus David Perron in SASKATOON DUCKS zone.
19:07 of 2nd period - Dylan Strome is hit by Nikita Kucherov.
19:27 of 2nd period - Shot by Logan Couture.
19:27 of 2nd period - Stopped by Jordan Binnington without a rebound.
19:28 of 2nd period - Mark Scheifele wins face-off versus Ryan Strome in SASKATOON DUCKS zone.
19:31 of 2nd period - Shot by Mark Scheifele.
19:31 of 2nd period - Stopped by Jordan Binnington with a rebound.
19:33 of 2nd period - Shot by Mark Scheifele.
19:33 of 2nd period - Stopped by Jordan Binnington without a rebound.
19:34 of 2nd period - Logan Couture wins face-off versus Jakub Vrana in SASKATOON DUCKS zone.
19:59 of 2nd period - Ryan Strome is hit by Mark Borowiecki and loses puck.
Goals for this period are 0 for SAN DIEGO THUNDER vs 0 for SASKATOON DUCKS.
Shots for this period are 10 for SAN DIEGO THUNDER vs 15 for SASKATOON DUCKS.

3rd period


0:01 of 3rd period - Dylan Strome wins face-off versus Jean-Gabriel Pageau in neutral zone.
0:12 of 3rd period - Shot by Dylan Strome.
0:12 of 3rd period - Shot Blocked by Marcus Foligno.
0:14 of 3rd period - Shot by Artemi Panarin.
0:14 of 3rd period - Goal by Artemi Panarin - SAN DIEGO THUNDER : 0 - SASKATOON DUCKS : 2.
0:15 of 3rd period - Logan Couture wins face-off versus Ryan Strome in neutral zone.
0:26 of 3rd period - Shot by Logan Couture.
0:26 of 3rd period - Shot Misses the Net.
0:36 of 3rd period - Shot by Nikita Kucherov.
0:36 of 3rd period - Stopped by Jordan Binnington without a rebound.
0:37 of 3rd period - Jean-Gabriel Pageau wins face-off versus Dylan Strome in SASKATOON DUCKS zone.
0:52 of 3rd period - Shot by Jean-Gabriel Pageau.
0:52 of 3rd period - Stopped by Jordan Binnington without a rebound.
0:53 of 3rd period - Logan Couture wins face-off versus Jakub Vrana in SASKATOON DUCKS zone.
0:54 of 3rd period - Shot by David Perron.
0:54 of 3rd period - Stopped by Jordan Binnington without a rebound.
0:55 of 3rd period - Dylan Strome wins face-off versus Logan Couture in SASKATOON DUCKS zone.
0:55 of 3rd period - Dylan Strome is hit by David Perron.
1:51 of 3rd period - Icing by Artemi Panarin.
1:52 of 3rd period - Dylan Strome wins face-off versus Ilya Mikheyev in SASKATOON DUCKS zone.
1:54 of 3rd period - Icing by Artemi Panarin.
1:55 of 3rd period - Mark Scheifele wins face-off versus Dylan Strome in SASKATOON DUCKS zone.
2:00 of 3rd period - Shot by Ilya Mikheyev.
2:00 of 3rd period - Shot Misses the Net.
2:02 of 3rd period - Shot by Evander Kane.
2:02 of 3rd period - Stopped by Jordan Binnington with a rebound.
2:46 of 3rd period - Icing by Zdeno Chara.
2:47 of 3rd period - Ryan Strome wins face-off versus Jean-Gabriel Pageau in SASKATOON DUCKS zone.
3:07 of 3rd period - Shot by Marcus Foligno.
3:07 of 3rd period - Goal by Marcus Foligno - SAN DIEGO THUNDER : 1 - SASKATOON DUCKS : 2.
3:08 of 3rd period - Logan Couture wins face-off versus Tyler Bozak in neutral zone.
3:22 of 3rd period - Tyler Bozak is hit by Mark Borowiecki and loses puck.
3:36 of 3rd period - Minor Penalty to Mark Borowiecki for Roughing.
3:37 of 3rd period - Dylan Strome wins face-off versus Jean-Gabriel Pageau in SAN DIEGO THUNDER zone.
3:40 of 3rd period - Shot by Artemi Panarin.
3:40 of 3rd period - Stopped by Connor Hellebuyck without a rebound.
3:41 of 3rd period - Jean-Gabriel Pageau wins face-off versus Kailer Yamamoto in SAN DIEGO THUNDER zone.
3:49 of 3rd period - Icing by Joe Thornton.
3:50 of 3rd period - Joe Thornton wins face-off versus Jean-Gabriel Pageau in SASKATOON DUCKS zone.
4:07 of 3rd period - Shot by Alex Goligoski.
4:07 of 3rd period - Shot Misses the Net.
5:22 of 3rd period - Shot by Artemi Panarin.
5:22 of 3rd period - Goal by Artemi Panarin - SAN DIEGO THUNDER : 1 - SASKATOON DUCKS : 3.
5:23 of 3rd period - Tyler Bozak wins face-off versus Ilya Mikheyev in neutral zone.
5:50 of 3rd period - Shot by Mark Scheifele.
5:50 of 3rd period - Shot Misses the Net.
6:00 of 3rd period - Shot by Mark Scheifele.
6:00 of 3rd period - Shot Misses the Net.
6:07 of 3rd period - Mark Scheifele is hit by Radko Gudas and loses puck.
6:09 of 3rd period - Minor Penalty to Radko Gudas for Interference.
6:10 of 3rd period - Dylan Strome wins face-off versus Mark Scheifele in SASKATOON DUCKS zone.
6:16 of 3rd period - Icing by Charles McAvoy.
6:17 of 3rd period - Dylan Strome wins face-off versus Mark Scheifele in SAN DIEGO THUNDER zone.
6:34 of 3rd period - Shot by Nikita Kucherov.
6:34 of 3rd period - Stopped by Jordan Binnington with a rebound.
6:36 of 3rd period - Shot by Connor Murphy.
6:36 of 3rd period - Shot Misses the Net.
6:38 of 3rd period - Shot by Charles McAvoy.
6:38 of 3rd period - Shot Misses the Net.
6:40 of 3rd period - Shot by Connor Murphy.
6:40 of 3rd period - Shot Misses the Net.
6:42 of 3rd period - Shot by Charles McAvoy.
6:42 of 3rd period - Shot Misses the Net.
7:44 of 3rd period - Shot by Logan Couture.
7:44 of 3rd period - Stopped by Jordan Binnington without a rebound.
7:45 of 3rd period - Logan Couture wins face-off versus Dylan Strome in SASKATOON DUCKS zone.
7:46 of 3rd period - Shot by Rasmus Dahlin.
7:46 of 3rd period - Stopped by Jordan Binnington without a rebound.
7:47 of 3rd period - Logan Couture wins face-off versus Dylan Strome in SASKATOON DUCKS zone.
8:30 of 3rd period - Shot by Ryan Strome.
8:30 of 3rd period - Goal by Ryan Strome - SAN DIEGO THUNDER : 1 - SASKATOON DUCKS : 4.
8:31 of 3rd period - Joe Thornton wins face-off versus David Perron in neutral zone.
8:40 of 3rd period - Shot by Joe Thornton.
8:40 of 3rd period - Stopped by Connor Hellebuyck without a rebound.
8:41 of 3rd period - Artemi Panarin wins face-off versus Logan Couture in SAN DIEGO THUNDER zone.
9:06 of 3rd period - Shot by Artemi Panarin.
9:06 of 3rd period - Stopped by Connor Hellebuyck without a rebound.
9:07 of 3rd period - Ryan Strome wins face-off versus Marcus Foligno in SAN DIEGO THUNDER zone.
9:28 of 3rd period - Shot by Marcus Foligno.
9:28 of 3rd period - Shot Misses the Net.
9:30 of 3rd period - Shot by Ryan Hartman.
9:30 of 3rd period - Shot Misses the Net.
9:32 of 3rd period - Shot by Marcus Foligno.
9:32 of 3rd period - Shot Blocked by Alex Goligoski.
9:34 of 3rd period - Shot by Ryan Hartman.
9:34 of 3rd period - Shot Misses the Net.
9:36 of 3rd period - Shot by Ryan Hartman.
9:36 of 3rd period - Deflect By Jean-Gabriel Pageau.
9:36 of 3rd period - Stopped by Jordan Binnington without a rebound.
9:37 of 3rd period - Logan Couture wins face-off versus Dylan Strome in SASKATOON DUCKS zone.
9:56 of 3rd period - Shot by David Perron.
9:56 of 3rd period - Stopped by Jordan Binnington with a rebound.
10:28 of 3rd period - Off-side.
10:29 of 3rd period - Mark Scheifele wins face-off versus Ryan Strome in neutral zone.
10:59 of 3rd period - Shot by Ryan Strome.
10:59 of 3rd period - Shot Misses the Net.
11:01 of 3rd period - Shot by Alex Goligoski.
11:01 of 3rd period - Shot Misses the Net.
11:03 of 3rd period - Shot by Kailer Yamamoto.
11:03 of 3rd period - Stopped by Connor Hellebuyck without a rebound.
11:04 of 3rd period - Tyler Bozak wins face-off versus Jean-Gabriel Pageau in SAN DIEGO THUNDER zone.
12:14 of 3rd period - Shot by Dylan Strome.
12:14 of 3rd period - Shot Blocked by Ryan Hartman.
13:20 of 3rd period - Shot by Kailer Yamamoto.
13:20 of 3rd period - Stopped by Connor Hellebuyck without a rebound.
13:21 of 3rd period - Tyler Bozak wins face-off versus Logan Couture in SAN DIEGO THUNDER zone.
13:22 of 3rd period - Shot by Anthony Duclair.
13:22 of 3rd period - Stopped by Connor Hellebuyck without a rebound.
13:23 of 3rd period - Tyler Bozak wins face-off versus Logan Couture in SAN DIEGO THUNDER zone.
13:44 of 3rd period - Shot by David Perron.
13:44 of 3rd period - Stopped by Jordan Binnington with a rebound.
14:34 of 3rd period - Shot by Kailer Yamamoto.
14:34 of 3rd period - Stopped by Connor Hellebuyck without a rebound.
14:35 of 3rd period - William Nylander wins face-off versus Mark Scheifele in SAN DIEGO THUNDER zone.
14:55 of 3rd period - Artemi Panarin is hit by Evander Kane and loses puck.
15:05 of 3rd period - Shot by Mark Scheifele.
15:05 of 3rd period - Stopped by Jordan Binnington with a rebound.
15:07 of 3rd period - Shot by Mark Scheifele.
15:07 of 3rd period - Deflect By Evander Kane.
15:07 of 3rd period - Goal by Evander Kane - SAN DIEGO THUNDER : 2 - SASKATOON DUCKS : 4.
15:08 of 3rd period - Ryan Strome wins face-off versus Robert Fabbri in neutral zone.
15:11 of 3rd period - Marcus Foligno is hit by Kailer Yamamoto and loses puck.
15:49 of 3rd period - Shot by Marcus Foligno.
15:49 of 3rd period - Shot Misses the Net.
16:44 of 3rd period - Shot by Dylan Strome.
16:44 of 3rd period - Deflect By Artemi Panarin.
16:44 of 3rd period - Stopped by Connor Hellebuyck without a rebound.
16:44 of 3rd period - Minor Penalty to Mark Borowiecki for Holding.
16:45 of 3rd period - Jean-Gabriel Pageau wins face-off versus Joe Thornton in SAN DIEGO THUNDER zone.
18:20 of 3rd period - Ryan Hartman is hit by Ryan Strome and loses puck.
18:47 of 3rd period - Radko Gudas is hit by David Perron.
18:51 of 3rd period - Shot by Nikita Kucherov.
18:51 of 3rd period - Shot Misses the Net.
18:57 of 3rd period - Shot by David Perron.
18:57 of 3rd period - Shot Blocked by Andrej Sekera.
19:10 of 3rd period - Icing by Andrej Sekera.
19:11 of 3rd period - Mark Scheifele wins face-off versus Warren Foegele in SASKATOON DUCKS zone.
19:31 of 3rd period - Shot by Evander Kane.
19:31 of 3rd period - Stopped by Jordan Binnington without a rebound.
19:32 of 3rd period - Dylan Strome wins face-off versus Logan Couture in SASKATOON DUCKS zone.
19:57 of 3rd period - Shot by Dylan Strome.
19:57 of 3rd period - Shot Misses the Net.
Goals for this period are 2 for SAN DIEGO THUNDER vs 3 for SASKATOON DUCKS.
Shots for this period are 14 for SAN DIEGO THUNDER vs 11 for SASKATOON DUCKS.


SEBASTIAN
AHO
MARK
SCHEIFELE
JAKE
OETTINGER

EAST COAST

HOCKEY LEAGUE

  • 17.QUE3CHI2
  • 18.CHA2LIM4
  • 19.TRV3LON2
  • 20.CHW1BAL2
  • 21.PITMAN
  • 22.ATLNHW
  • 23.WORPET
  • 24.RHI